 Dungeon Crawl Stone Soup version 0.31.0-11-ge490571c62 (webtiles) character file.

Game seed: 5607025236749644034

3089 magipi the Arsonist (level 9, -19/45 HPs)
             Began as a Deep Elf Fire Elementalist on Feb 4, 2024.
             Was an Initiate of Vehumet.
             Killed from afar by a deep elf pyromancer (20 damage)
             ... with a bolt of fire
             ... on level 7 of the Dungeon.
             The game lasted 00:24:17 (6030 turns).

magipi the Arsonist (Deep Elf Fire Elementalist)    Turns: 6030, Time: 00:24:17

Health: -19/45     AC:  6    Str:  5    XL:     9   Next: 59%
Magic:  13/24      EV: 12    Int: 25    God:    Vehumet [......]
Gold:   339        SH:  0    Dex: 15    Spells: 7/14 levels left

rFire   . . .        a - +4 dagger (elec)
rCold   . . .        (no shield)
rNeg    . . .        c - +0 robe
rPois   .            d - +1 helmet
rElec   .            l - +0 cloak
rCorr   .            (no gloves)
SInv    .            s - +0 pair of boots
Will    .....        r - amulet of magic regeneration
Stlth   ++           e - ring of magical power
HPRegen 0.27/turn    (no ring)
MPRegen 0.59/turn

%: no passive effects
@: no status effects
A: no striking features
a: Renounce Religion


You were on level 7 of the Dungeon.
You worshipped Vehumet.
Vehumet was noncommittal.
You visited 2 branches of the dungeon, and saw 8 of its levels.
You also visited: Sewer and Ossuary.

You collected 339 gold pieces.

Inventory:

Hand Weapons
 a - a +4 dagger of electrocution (weapon)
 o - a +0 broad axe
Missiles
 m - 10 boomerangs
 n - 6 javelins
 u - 8 curare-tipped darts
Armour
 c - a +0 robe (worn)
 d - a +1 helmet (worn)
 l - a +0 cloak (worn)
 s - a +0 pair of boots (worn)
Jewellery
 e - a ring of magical power (left hand)
 r - an amulet of magic regeneration (around neck)
Wands
 y - a wand of digging (2)
Scrolls
 h - 5 scrolls of teleportation
 i - 2 scrolls of blinking
 q - a scroll of noise
 t - a scroll of fog
 x - a scroll of amnesia
Potions
 b - a potion of magic
 f - a potion of enlightenment
 g - 4 potions of curing
 j - a potion of heal wounds {unknown}
 k - 2 potions of brilliance
 p - 2 potions of haste
 v - a potion of experience {unknown}
 w - a potion of might
 A - a potion of berserk rage {unknown}


   Skills:
 - Level 2.4 Dodging
 - Level 2.4 Stealth
 - Level 3.0 Spellcasting
 + Level 10.4 Conjurations
 + Level 11.0 Fire Magic


You had 7 spell levels left.
You knew the following spells:

 Your Spells              Type           Power      Damage    Failure   Level
a - Foxfire               Conj/Fire      100%       2x1d9     1%          1
b - Scorch                Fire           100%       2d9       1%          2
F - Flame Wave            Conj/Fire      55%        2d13      1%          4

Your spell library contained the following spells:

 Spells                   Type           Power      Damage    Failure   Level
 Magic Dart               Conj           100%       1d8       1%          1
 Sting                    Conj/Alch      100%       1d9       1%          1
 Static Discharge         Conj/Air       58%        3-6/arc   1%          2
 Hailstorm                Conj/Ice       29%        3d8       3%          3
 Inner Flame              Hex/Fire       31%        N/A       3%          3
 Volatile Blastmotes      Fire/Tloc      62%        2d15      3%          3
 Apportation              Tloc           6%         N/A       10%         1
 Freeze                   Ice            12%        1d3       10%         1
 Necrotise                Necr           12%        1d4       10%         1
 Summon Small Mammal      Summ           12%        N/A       10%         1
 Sticky Flame             Fire/Alch      31%        2d7       11%         4
 Blink                    Tloc           6%         N/A       16%         2
 Call Imp                 Summ           6%         N/A       16%         2
 Frozen Ramparts          Ice            6%         1d1       30%         3
 Airstrike                Air            1%         2d(1-17)  69%         4
 Olgreb's Toxic Radiance  Alch           3%         N/A       69%         4
 Summon Lightning Spire   Summ/Air       3%         N/A       69%         4
 Ozocubu's Refrigeration  Ice            1%         4d7       100%        7
 Discord                  Hex            1%         N/A       100%        8


Dungeon Overview and Level Annotations

Branches:
Dungeon (7/15)             Temple (1/1) D:7           Sewer (visited)
Ossuary (visited)

Altars:
Ashenzari
Cheibriados
Dithmenos
Elyvilon
Fedhas
Gozag
Kikubaaqudgha
Makhleb
Nemelex Xobeh
Okawaru
Qazlal
Ru
Trog
Vehumet
Wu Jian
Xom
Zin
The Shining One

Annotations:
D:5 Edmund, Ijyb


Message History

The flame wave engulfs the orc!
You kill the orc!
Vehumet accepts your kill.
You finish channelling waves of flame.
The deep elf pyromancer mumbles some strange words.
Your Fire Magic skill increases to level 11!
Unknown command.
Unknown command.
The fire elemental hits you. The fire elemental burns you!
The fire elemental misses you.
Unknown command.
Unknown command.
Unknown command.
Casting: Flame Wave (dangerous; 1% risk of failure)
Confirm with . or Enter, or press ? or * to list all spells.
Casting: Flame Wave (dangerous; 1% risk of failure)
Press: ? - help, Dir - look around, f - activate A wave of flame ripples out!
The flame wave engulfs the fire elemental.
The fire elemental completely resists.
The flame wave engulfs the fire elemental.
The fire elemental completely resists. (Press . to intensify the flame waves.)
The fire elemental hits you. The fire elemental burns you!
The fire elemental hits you. The fire elemental burns you!
A wave of flame ripples out!
The flame wave engulfs the fire elemental.
The fire elemental completely resists.
The flame wave engulfs the fire elemental.
The fire elemental completely resists.
The flame wave engulfs the deep elf pyromancer.
The deep elf pyromancer is heavily wounded.
The fire elemental hits you. The fire elemental burns you!
* * * LOW HITPOINT WARNING * * *
The fire elemental hits you. The fire elemental burns you!
* * * LOW HITPOINT WARNING * * *
The deep elf pyromancer points at you and mumbles some strange words.
The bolt of fire hits the fire elemental.
The fire elemental completely resists.
The bolt of fire hits you!!
You die...

### ..## ..####..#
.....#.# #...###
#.....#### #####
#@###....### #....
....SeEE# ####...#
#.... #######.#
###.# #.... #.#
#.# #.... #.# #.#
#.... ..#
#.####...
##########........
#..............
#.##...##......


You could see a deep elf pyromancer, 2 fire elementals and a water moccasin.

Vanquished Creatures
  Sigmund (D:2)
  Duvessa (D:5)
  A water moccasin (D:6)
  An ice beast (D:7)
  2 ogres
  A centaur (D:7)
  12 kobold brigands
  A brain worm (Sewer)
  A gnoll sergeant (D:5)
  3 scorpions
  A wight (D:7)
  Dowan (D:5)
  4 centaur zombies (Ossuary)
  A jelly (D:5)
  5 hounds
  2 bombardier beetles
  A human zombie (Ossuary)
  2 orc priests
  An iguana (D:6)
  3 sleepcaps
  Natasha (thrice) (D:3)
  2 orc wizards
  2 hound zombies (Ossuary)
  2 mummies (Ossuary)
  6 gnolls
  11 adders
  2 river rats (D:5)
  A shadow imp (D:5)
  A white imp (D:5)
  2 ufetubi (D:6)
  8 adder zombies (Ossuary)
  6 ribbon worms
  2 dart slugs
  20 orcs
  5 bat skeletons (D:3)
  A bat zombie (D:3)
  7 endoplasms
  A giant cockroach (D:5)
  5 gnoll zombies (Ossuary)
  5 goblins
  7 hobgoblins
  6 jackals
  4 quokkas
  10 ball pythons
  8 bats
  6 frilled lizards
  A goblin zombie (D:6)
  6 jackal zombies (Ossuary)
  31 kobolds
  3 kobold zombies (Ossuary)
  8 orc zombies (Ossuary)
  10 rats
  A rat zombie (D:6)
238 creatures vanquished.

Vanquished Creatures (others)
  71 foxfires
71 creatures vanquished.

Grand Total: 309 creatures vanquished

Notes
Turn   | Place    | Note
-------+----------+-------------------------------------------
     0 | D:1      | magipi the Deep Elf Fire Elementalist began the quest for
                  | the Orb.
     0 | D:1      | Reached XP level 1. HP: 10/10 MP: 6/6
   142 | D:1      | Reached XP level 2. HP: 7/15 MP: 8/8
   356 | D:1      | Learned a level 2 spell: Scorch
   423 | D:1      | Reached skill level 4 in Fire Magic
   432 | D:1      | Reached XP level 3. HP: 12/19 MP: 9/9
   739 | D:2      | Noticed Sigmund
   744 | D:2      | Killed Sigmund
   745 | D:2      | Reached skill level 5 in Fire Magic
   745 | D:2      | Reached XP level 4. HP: 24/24 MP: 10/10
   745 | D:2      | Reached XP level 5. HP: 28/28 MP: 11/11
  1675 | D:3      | Learned a level 4 spell: Flame Wave
  1682 | D:3      | Reached XP level 6. HP: 32/32 MP: 12/12
  1810 | D:3      | Found an ancient bone altar of Kikubaaqudgha.
  2030 | D:3      | Noticed Natasha
  2035 | D:3      | Killed Natasha
  2036 | D:3      | Reached skill level 5 in Conjurations
  2036 | D:3      | Reached skill level 6 in Fire Magic
  2103 | D:3      | Noticed Natasha
  2113 | D:3      | Killed Natasha
  2141 | D:3      | Noticed Natasha
  2144 | D:3      | Killed Natasha
  2463 | D:4      | Found a white marble altar of Elyvilon.
  2464 | D:4      | Found a glowing golden altar of the Shining One.
  2673 | D:4      | Reached XP level 7. HP: 30/36 MP: 13/13
  3032 | D:5      | Entered Level 5 of the Dungeon
  3048 | D:5      | Noticed Edmund
  3053 | D:5      | Reached skill level 7 in Fire Magic
  3093 | D:5      | Noticed Ijyb
  3492 | D:5      | Noticed Duvessa
  3492 | D:5      | Noticed Dowan
  3497 | D:5      | Killed Duvessa
  3498 | D:5      | Reached skill level 8 in Fire Magic
  3498 | D:5      | Reached XP level 8. HP: 41/41 MP: 14/14
  3511 | D:5      | Killed Dowan
  3560 | D:5      | Found a glowing drain.
  3569 | Sewer    | Entered a sewer
  3827 | Sewer    | Reached skill level 9 in Fire Magic
  4721 | D:5      | Found a snail-covered altar of Cheibriados.
  4746 | D:5      | Reached XP level 9. HP: 45/45 MP: 15/15
  4894 | D:6      | Reached skill level 10 in Fire Magic
  4989 | D:6      | Found a sand-covered staircase.
  4996 | Ossuary  | Entered an ossuary
  5650 | D:7      | Reached skill level 10 in Conjurations
  5689 | D:7      | Found a staircase to the Ecumenical Temple.
  5938 | Temple   | Entered the Ecumenical Temple
  5956 | Temple   | Became a worshipper of Vehumet
  6024 | D:7      | Noticed a deep elf pyromancer
  6028 | D:7      | Reached skill level 11 in Fire Magic
  6030 | D:7      | HP: 1/45 [fire elemental[a deep elf pyromancer] (11)]
  6030 | D:7      | Killed from afar by a deep elf pyromancer

Illustrated notes

Levels and vault maps discovered:
D:1:      nicolae_arrival_memento_mori, layout_rooms, minmay_misc_feat_enclosed,
          minmay_bisected
D:2:      layout_loops_ring, uniq_sigmund
D:3:      layout_basic, kennysheep_vampire_church, kennysheep_generic_room_14,
          uniq_natasha
D:4:      layout_loops_cross, nicolae_overflow_squiral
D:5:      layout_rooms, lemuel_round_altar, serial_rivers,
          chequers_serial_rivers_room_b, chequers_serial_rivers_large_a,
          chequers_serial_rivers_micro_c, chequers_serial_rivers_marsh,
          chequers_serial_rivers_marsh, gup_sewer_entry_bubbles,
          kennysheep_cross_bottleneck, st_stairs_5, minmay_between, uniq_edmund,
          uniq_ijyb, uniq_duvessa
D:6:      layout_cave_pools, enter_ossuary_4
D:7:      layout_gridville, mainiacjoe_overflow_swirl,
          mainiacjoe_overflow_paths, minmay_temple_entry_stoned_glass,
          minmay_manual_monstrance
Temple:   minmay_temple_curvy_branch

Skill      XL: |  1  2  3  4  5  6  7  8  9 |
---------------+----------------------------+-----
Conjurations   | 2 4 5 7 9 10 | 10.4
Fire Magic     | 4 5 6 8 9 11 | 11.0
Dodging        | |  2.4
Stealth        | |  2.4
Spellcasting   | |  3.0

Action                     |  1- 3 |  4- 6 |  7- 9 || total
---------------------------+-------+-------+-------++-------
  Melee: Dagger            |     1 |    17 |     7 ||    25
         Punch             |       |       |     1 ||     1
   Cast: Foxfire           |    36 |     1 |     3 ||    40
         Scorch            |    11 |    72 |   158 ||   241
         Flame Wave        |       |     2 |    19 ||    21
    Use: Scroll            |       |    12 |     5 ||    17
         Potion            |       |       |     2 ||     2
   Stab: Sleeping          |       |     3 |       ||     3
 Armour: Robe              |    19 |    39 |    85 ||   143
  Dodge: Dodged            |    25 |    46 |    77 ||   148
